 Dungeon Crawl Stone Soup version 0.30-a0-652-gcc886f7154 (webtiles) character file.

Game seed: 16513407266949046244

501 Dittersdorf the Covered (level 7, -4/44 HPs)
             Began as a Gargoyle Fighter on Jan 17, 2023.
             Slain by a gnoll
             ... wielding a +0 whip
             ... led by a gnoll bouda
              (8 damage)
             ... on level 4 of the Dungeon.
             The game lasted 00:03:11 (3065 turns).

Dittersdorf the Covered (Gargoyle Fighter)          Turns: 3065, Time: 00:03:12

Health: -4/44      AC: 13    Str: 21    XL:     7   Next: 17%
Magic:  7/7        EV:  9    Int:  9    God:
Gold:   235        SH:  4    Dex:  9    Spells: 6/6 levels left

rFire   . . .      SeeInvis .    a - +0 flail
rCold   . . .      Faith    .    c - +0 buckler
rNeg    + . .      Spirit   .    b - +0 scale mail
rPois   ∞          Reflect  .    (no helmet)
rElec   +          Harm     .    u - +0 cloak
rCorr   .          Rampage  .    (no gloves)
Will    .....                    (no boots) Stlth
                                 (no amulet)
HPRegen 0.27/turn                q - +4 ring of slaying
MPRegen 0.10/turn                (no ring)

@: weakened
A: sickness immunity, AC +4, negative energy resistance 1, electricity
resistance, torment resistance 1, petrification resistance
a: no special abilities


You were on level 4 of the Dungeon.
You visited 1 branch of the dungeon, and saw 4 of its levels.

You collected 235 gold pieces.

Inventory:

Hand Weapons
 a - a +0 flail (weapon)
Missiles
 l - 6 curare-tipped darts (quivered)
Armour
 b - a +0 scale mail (worn)
 c - a +0 buckler (worn)
 u - a +0 cloak (worn)
Jewellery
 e - a ring of ice
 q - a +4 ring of slaying (left hand)
Scrolls
 h - 5 scrolls of teleportation {unknown}
 i - 2 scrolls of brand weapon {unknown}
 k - a scroll of enchant armour {unknown}
 m - 3 scrolls of identify {unknown}
 n - 3 scrolls of immolation {unknown}
 r - a scroll of magic mapping {unknown}
 t - a scroll of summoning {unknown}
 v - a scroll of blinking {unknown}
Potions
 d - a potion of might
 f - a potion of flight {unknown}
 g - a potion of experience {unknown}
 j - 2 potions of heal wounds {unknown}
 o - a potion of lignification {unknown}
 p - 2 potions of mutation {unknown}
 s - 2 potions of curing {unknown}
 w - a potion of attraction {unknown}


   Skills:
 + Level 5.1 Fighting
 + Level 4.1 Maces & Flails
 + Level 5.1 Armour
 + Level 5.1 Shields


You had 6 spell levels left.
You didn't know any spells.
Your spell library contained the following spells:

 Spells                   Type           Power      Damage    Failure   Level
 Necrotise                Necr           0%         1d4       80%         1
 Vampiric Draining        Necr           0%         2d6       99%         3
 Airstrike                Air            0%         2d(0-16)  100%        4
 Petrify                  Tmut/Erth      0%         N/A       100%        4
 Summon Lightning Spire   Summ/Air       0%         N/A       100%        4
 Agony                    Necr           0%         N/A       100%        5
 Lightning Bolt           Conj/Air       0%         1d11      100%        5
 Metabolic Englaciation   Hex/Ice        0%         N/A       100%        5
 Statue Form              Tmut/Erth      Unusable   N/A       N/A         6

Dungeon Overview and Level Annotations

Branches:
Dungeon (4/15)
 Temple: D:4-7

Altars:
Kikubaaqudgha


Innate Abilities, Weirdness & Mutations

You are immune to sickness and miasma.
Your stone body is resilient. (AC +4)
You are immune to poison.
You resist negative energy. (rN+)
You are resistant to electric shocks. (rElec)
You are resistant to unholy torment.
You are immune to petrification.


Message History

The gnoll is almost dead.
You block the gnoll's attack. The gnoll hits you but does no damage.
The gnoll closely misses you.
You barely miss the gnoll.
The gnoll is almost dead.
The gnoll closely misses you. The gnoll barely misses you.
You block the gnoll's attack. The gnoll closely misses you.
You sock the gnoll bouda!
The gnoll bouda is severely wounded.
The gnoll hits you but does no damage. x3; The gnoll misses you.
The gnoll bouda gazes fiercely through you!
You feel your attacks grow feeble.
The gnoll bouda hits you with a +0 club!
You hit the gnoll bouda.
You kill the gnoll bouda!
The gnoll barely misses you. The gnoll hits you but does no damage.
The gnoll barely misses you.
The gnoll hits you from afar with a +0 halberd!
You block the gnoll's attack. The gnoll closely misses you.
You are too injured to fight recklessly!
You are too injured to fight recklessly!
You are too injured to fight recklessly!
You are too injured to fight recklessly!
You are too injured to fight recklessly!
You are too injured to fight recklessly!
You are too injured to fight recklessly!
You are too injured to fight recklessly!
You are too injured to fight recklessly!
You are too injured to fight recklessly!
You are too injured to fight recklessly!
You are too injured to fight recklessly!
You are too injured to fight recklessly!
You block the gnoll's attack. x2
The gnoll attacks as you move away! The gnoll misses you.
The gnoll attacks as you move away! The gnoll hits you but does no damage.
The gnoll hits you with a +0 halberd!
* * * LOW HITPOINT WARNING * * *
There is an open door here.
The gnoll attacks as you move away! The gnoll hits you with a +0 whip!
You die...

##########...........
#....................
#....................
#....................
#....................
#....................
#..............>..)..
#..............).....
####@#####...........
#.ggg...#...........
#..g....#...........
#..)....#...........
#.......#...........
#.......#...........
#.......#...........
#.......#...........
#.......##+###......


You could see 4 gnolls.

Vanquished Creatures
  Blork the orc (D:4)
  2 scorpions (D:4)
  A hound (D:3)
  A gnoll bouda (D:4)
  Crazy Yiuf (D:3)
  2 iguanas (D:4)
  Terence (D:2)
  2 orc wizards
  2 adders (D:2)
  An ufetubus (D:4)
  2 worms
  A dart slug (D:1)
  5 orcs
  6 endoplasms
  7 goblins
  8 hobgoblins
  11 jackals
  A quokka (D:3)
  6 ball pythons
  3 bats
  3 frilled lizards
  3 kobolds
  4 rats
74 creatures vanquished.

Notes
Turn   | Place    | Note
-------+----------+-------------------------------------------
     0 | D:1      | Dittersdorf the Gargoyle Fighter began the quest for the
                  | Orb.
     0 | D:1      | Reached XP level 1. HP: 14/14 MP: 1/1
   104 | D:1      | Reached XP level 2. HP: 17/19 MP: 2/2
   579 | D:1      | Found a faded altar of an unknown god.
   863 | D:2      | Reached XP level 3. HP: 17/24 MP: 3/3
  1009 | D:2      | Noticed Terence
  1020 | D:2      | Killed Terence
  1109 | D:2      | Reached XP level 4. HP: 29/29 MP: 4/4
  1490 | D:3      | Found an ancient bone altar of Kikubaaqudgha.
  1634 | D:3      | Reached XP level 5. HP: 25/33 MP: 5/5
  2248 | D:3      | Found a runed translucent door.
  2249 | D:3      | Noticed Crazy Yiuf
  2259 | D:3      | Killed Crazy Yiuf
  2444 | D:4      | Noticed Blork the orc
  2455 | D:4      | Killed Blork the orc
  2456 | D:4      | Reached XP level 6. HP: 30/39 MP: 6/6
  2877 | D:4      | Reached skill level 5 in Fighting
  2877 | D:4      | Reached skill level 5 in Armour
  2877 | D:4      | Reached skill level 5 in Shields
  2877 | D:4      | Reached XP level 7. HP: 15/44 MP: 7/7
  2886 | D:4      | HP: 2/44 [something (1)]
  3065 | D:4      | Slain by a gnoll

Illustrated notes

Levels and vault maps discovered:
D:1:      moated_graveyard_arrival, layout_loops_corners,
          shapermc_ecumenical_altar_venn
D:2:      layout_rooms, uniq_terence
D:3:      layout_loops_ring, overflow_temple_1_default, uniq_crazy_yiuf_cottage
D:4:      layout_gridville, uniq_blork_the_orc

Skill      XL: |  1  2  3  4  5  6 |
---------------+-------------------+-----
Armour         | 4 5 |  5.1
Fighting       | 4 5 |  5.1
Shields        | 4 5 |  5.1
Maces & Flails | 3 4 |  4.1

Action                   |  1- 3 |  4- 6 |  7- 9 || total
-------------------------+-------+-------+-------++-------
Melee: Flail             |    69 |   178 |    17 ||   264
Throw: Dart              |       |     5 |       ||     5
Armor: Scale mail        |    30 |   132 |    18 ||   180
Dodge: Dodged            |    23 |    92 |    11 ||   126
Block: Buckler           |    17 |    38 |     5 ||    60

Table legend: (Time is in decaauts)
 A = Elapsed time spent in this place.
 B = Non-inter-level travel time spent in this place.
 C = Inter-level travel time spent in this place.
 D = Time resting spent in this place.
 E = Time spent auto-exploring this place.
 F = Levels seen in this place.
 G = Mean time per level.
                   A        B        C        D        E       F      G
               +--------+--------+--------+--------+--------+-----+--------+
         Total |   3139 |   2929 |    210 |    203 |   2106 |   4 |  784.8 |
       Dungeon |   3139 |   2929 |    210 |    203 |   2106 |   4 |  784.8 |
               +--------+--------+--------+--------+--------+-----+--------+

Top non-repeatable levels by time:
     D:3: 1013 daAuts
     D:1: 873 daAuts
     D:4: 657 daAuts
     D:2: 594 daAuts
